 Dungeon Crawl Stone Soup version 0.16-a0-3467-gfe061fe (webtiles) character file.

82067 NewYearsCrawler the Brawler (level 15, -5/146 HPs)
             Began as a Troll Monk on Jan 2, 2015.
             Was the Champion of Okawaru.
             Shot with an arrow by a naga sharpshooter (11 damage)
             ... on level 2 of the Snake Pit.
             The game lasted 01:07:17 (23739 turns).

NewYearsCrawler the Brawler (Troll Monk)           Turns: 23739, Time: 01:07:18

Health: -5/146     AC: 14    Str: 39    XL:     15   Next: 28%
Magic:  6/6        EV: 10    Int:  6    God:    Okawaru [******]
Gold:   1974       SH: 23    Dex: 17    Spells: 0 memorised, 14 levels left

rFire  + . .     SeeInvis .       - Unarmed
rCold  . . .     Clarity  +     L - +0 troll leather armour
rNeg   . . .     SustAb   .     l - +0 large shield
rPois  +         Gourm    +     M - +1 hat "Qenyu" {Str+4 Dex+5}
rElec  .         Spirit   .     a - +2 cloak {rPois}
rCorr  .         Warding  .     (gloves unavailable)
rMut   .         Stasis   .     (boots unavailable)
MR     ++...                    m - amulet of clarity
Stlth  ++........               P - +2 ring of slaying
                                H - ring of protection from magic

@: mighty, very resistant to hostile enchantments, unstealthy
A: unfitting armour, antennae 1, claws 3, icy blue scales 1, thin metallic
scales 1, yellow scales 1, breathe flames 2, deformed body, fire resistance 1,
fast metabolism 3, gourmand, mutation resistance 1, regeneration 2, shaggy fur
1, strong 1, tough skin 2
a: Heroism, Finesse, Renounce Religion, Breathe Fire


You were on level 2 of the Snake Pit.
You worshipped Okawaru.
Okawaru was exalted by your worship.
You were completely stuffed.

You visited 6 branches of the dungeon, and saw 26 of its levels.
You also visited: Labyrinth and Ice Cave.

You collected 2357 gold pieces.
You spent 383 gold pieces at shops.

Inventory:

Missiles
 c - 17 large rocks (quivered)
Armour
 a - a +2 cloak of poison resistance (worn)
 l - a +0 large shield (worn)
 L - a +0 troll leather armour (worn)
 M - the +1 hat "Qenyu" (worn) {Str+4 Dex+5}
   (Okawaru gifted it to you on level 13 of the Dungeon)

   It affects your strength (+4).
   It affects your dexterity (+5).
Jewellery
 f - an uncursed ring of sustain abilities
 m - an amulet of clarity (around neck)
 o - an uncursed amulet of warding
 q - an uncursed ring of teleportation
 A - an uncursed ring of protection from fire
 B - an uncursed ring of flight
 G - an uncursed amulet of the gourmand {unknown}
 H - a ring of protection from magic (left claw)
 K - an uncursed ring of magical power
 N - a +3 ring of strength
 P - a +2 ring of slaying (right claw)
 R - an uncursed ring of protection from fire
 W - an uncursed ring of teleport control
Magical devices
 n - a wand of confusion (30)
 x - a wand of disintegration (11)
 y - a wand of confusion (27)
 C - a wand of disintegration (16)
 J - a wand of magic darts (15)
 S - a wand of polymorph (14)
 T - a wand of hasting (4)
 X - a wand of enslavement (15)
Scrolls
 d - 14 scrolls of identify
 g - a scroll of immolation
 j - 4 scrolls of recharging
 k - 3 scrolls of enchant armour
 p - 3 scrolls of enchant weapon
 r - 5 scrolls of teleportation
 u - a scroll of random uselessness
 E - 4 scrolls of remove curse
 Y - a scroll of fog
Potions
 e - 3 potions of cancellation
 z - 3 potions of brilliance
 D - a potion of might
 F - a potion of restore abilities
 I - 2 potions of invisibility
 U - a potion of flight
 V - a potion of agility
Books
 w - a book of Party Tricks

   Spells                             Type                      Level
   a - Summon Butterflies             Summoning                    1
   b - Apportation                    Translocation                1
   c - Tukima's Dance                 Hexes                        3
   d - Alistair's Intoxication        Transmutation/Poison         4
   e - Invisibility                   Hexes                        6
Miscellaneous
 O - a phantom mirror
Comestibles
 b - 13 meat rations
 h - 15 bread rations
 i - 36 fruits
 s - 3 beef jerkies
 t - 6 royal jellies
 v - 3 poisonous chunks of flesh


   Skills:
 - Level 9.0 Fighting
 - Level 2.4 Dodging
 - Level 1.1 Stealth
 * Level 13.0 Shields
 - Level 19.2 Unarmed Combat


You had 14 spell levels left.
You didn't know any spells.

Dungeon Overview and Level Annotations

Branches:
Dungeon (14/15)            Temple (0/1) D:7            Lair (4/8) D:8
 Shoals (1/5) Lair:4        Snake (2/5) Lair:4          Orc (4/4) D:9
    Elf (1/3) Orc:3        Vaults (0/5) D:14

Altars:
Makhleb
Nemelex Xobeh
Okawaru
Qazlal
Trog
Xom
Zin

Shops:
D:6 :   D:11 *   Orc:1 *   Orc:4 ((=%(

Annotations:
D:5 Prince Ribbit
D:9 runed door
D:14 Donald, Norris


Innate Abilities, Weirdness & Mutations

You are too large for most types of armour.
You have claws for hands.
Your metabolism is lightning-fast.
You like to eat raw meat.
You heal very quickly.
You are covered in fur (AC +1).
You have very tough skin (AC +2).
You have a pair of small antennae on your head.
You are partially covered in icy blue scales (AC +1).
You are partially covered in thin metallic scales (AC +2).
You are partially covered in yellow scales (AC +2).
You can breathe fire.
Armour fits poorly on your strangely shaped body.
Your flesh is heat resistant.
You are somewhat resistant to further mutation.
Your muscles are strong. (Str +2)


Message History

You block the arrow of flame.
You mangle the naga sharpshooter!!
The naga sharpshooter is heavily wounded.
The naga sharpshooter casts a spell.
The naga sharpshooter magically shoots a bolt of flame.
The bolt of flame hits you!
* * * LOW HITPOINT WARNING * * *
The bolt of flame burns you.
* * * LOW HITPOINT WARNING * * *
The naga sharpshooter shoots an arrow.
You block the arrow.
Drink which item? (? for menu, Esc to quit)
You feel better.
The naga sharpshooter spits poison at you.
The splash of poison hits you! You resist.
The naga sharpshooter gestures wildly while chanting.
The naga sharpshooter magically shoots a bolt of flame.
The bolt of flame hits you!
* * * LOW HITPOINT WARNING * * *
The naga sharpshooter shoots an arrow.
The arrow hits you!
You die...

########## #........#
#..NNN...# ###. #@#
... #(# #. #.. #(# #.
#.# #(##
####.###.####..######
......................
...........###..######
.####...#.# #..#
#...#........


You could see 3 naga sharpshooters.

Vanquished Creatures
  A stone giant (Orc:4)
  Snorg (Lair:4)
  A minotaur (Lab)
  The ghost of NewYearsCrawler the Severer, a powerful FoFi of Okawaru (D:13)
  Harold (Lair:4)
  4 anacondas (Snake:1)
  A hydra (Lair:4)
  3 naga warriors (Snake:1)
  5 centaur warriors
  Erica (Lair:4)
  5 ogre magi
  2 naga sharpshooters (Snake:2)
  The ghost of NewYearsCrawler the Cleaver, an experienced FoFi of Okawaru (D:7)
  A fire crab (shapeshifter) (D:13)
  4 hill giants
  4 unseen horrors
  The ghost of Charly the Unseen, an experienced SpAs of Dithmenos (Lair:1)
  2 orc knights
  An ice statue (IceCv)
  2 orc sorcerers
  A mana viper (Snake:1)
  2 ugly things
  A cyclops (D:13)
  4 manticores
  3 griffons
  5 elephants
  A siren (Lair:4)
  A harpy (Lair:4)
  2 salamanders (Snake:1)
  5 spiny frogs
  6 black mambas
  2 gargoyles
  A guardian serpent (Snake:1)
  3 naga magi
  6 fire drakes (Lair:4)
  4 komodo dragons
  10 slime creatures
  7 trolls
  A troll (shapeshifter) (D:13)
  12 two-headed ogres
  3 polar bears (D:12)
  2 trapdoor spiders
  12 blink frogs
  6 basilisks
  27 yaks
  A centaur simulacrum (D:12)
  A shadow (D:13)
  10 wyverns
  14 hippogriffs
  A vampire (D:13)
  A wraith (D:13)
  4 vampire mosquitoes (D:12)
  Eustachio (D:9)
  5 deep elf magi
  A hungry ghost (D:8)
  10 deep elf fighters (Orc:3)
  A tarantella (shapeshifter) (D:13)
  6 wolves
  11 water moccasins
  12 nagas
  5 wargs
  Edmund (D:5)
  A mottled dragon (D:13)
  3 sky beasts
  A soldier ant (D:13)
  26 ice beasts
  2 black bears
  5 porcupines
  35 ogres
  A necrophage (D:10)
  12 orc warriors
  6 crocodiles
  A phantom (D:8)
  9 centaurs
  4 big kobolds (D:7)
  An eye of draining (D:9)
  A wyvern zombie (D:9)
  Blork the orc (D:8)
  21 giant frogs
  A wyvern skeleton (D:9)
  15 killer bees
  2 scorpions
  A spriggan skeleton (D:9)
  A troll skeleton (D:9)
  3 electric eels
  23 wights
  5 crimson imps
  4 goliath beetles
  A quasit (D:13)
  3 giant frog zombies
  6 giant frog skeletons
  5 jellies
  2 centaur zombies
  19 orc priests
  9 hounds
  7 centaur skeletons
  2 worker ants
  8 iguanas
  26 orc wizards
  A mummy (D:7)
  14 gnolls
  41 river rats
  17 adders
  6 shadow imps
  4 white imps (D:12)
  2 worms (D:3)
  5 ufetubi (D:12)
  An adder skeleton (D:4)
  2 adder zombies
  6 giant geckos
  An ooze (D:2)
  181 orcs
  10 bats
  2 bat skeletons
  6 giant cockroaches
  18 goblins
  19 hobgoblins
  12 jackals
  16 quokkas
  A giant cockroach zombie (D:6)
  2 giant newts
  2 giant spores
  38 kobolds
  15 rats
  12 ballistomycetes
961 creatures vanquished.

Vanquished Creatures (collateral kills)
  A river rat (Lair:3)
1 creature vanquished.

Vanquished Creatures (others)
  A water elemental (Lair:3)
  A river rat (Lair:4)
  2 giant spores
  A ballistomycete (D:12)
  A plant (Lair:3)
6 creatures vanquished.

Grand Total: 968 creatures vanquished

Notes
Turn   | Place    | Note
--------------------------------------------------------------
     0 | D:1      | NewYearsCrawler, the Troll Monk, began the quest for the Orb.
     0 | D:1      | Reached XP level 1. HP: 22/22 MP: 1/1
   202 | D:1      | Reached XP level 2. HP: 27/29 MP: 1/1
   857 | D:2      | Reached skill level 5 in Unarmed Combat
   857 | D:2      | Reached XP level 3. HP: 36/36 MP: 2/2
  1330 | D:3      | Reached XP level 4. HP: 44/44 MP: 2/2
  1404 | D:3      | Reached skill level 6 in Unarmed Combat
  1427 | D:3      | Gained mutation: Your flesh is heat resistant. [potion of mutation]
  1427 | D:3      | Gained mutation: Your muscles are strong. (Str +2) [potion of mutation]
  1427 | D:3      | Gained mutation: Armour fits poorly on your strangely shaped body. [potion of mutation]
  1430 | D:3      | Gained mutation: You are partially covered in yellow scales (AC +2). [potion of mutation]
  1430 | D:3      | Gained mutation: You are partially covered in icy blue scales (AC +1). [potion of mutation]
  1451 | D:3      | Reached XP level 5. HP: 45/50 MP: 2/2
  1664 | D:3      | Noticed a moth of wrath
  1665 | D:3      | Found a bloodstained altar of Trog.
  2401 | D:4      | Reached skill level 7 in Unarmed Combat
  2496 | D:4      | Reached XP level 6. HP: 56/59 MP: 3/3
  2529 | D:4      | Reached skill level 8 in Unarmed Combat
  2840 | D:4      | Reached XP level 7. HP: 66/66 MP: 3/3
  3357 | D:5      | Entered Level 5 of the Dungeon
  3365 | D:5      | Reached skill level 9 in Unarmed Combat
  3384 | D:5      | Found a stormy altar of Qazlal.
  3512 | D:5      | Noticed Edmund
  3520 | D:5      | Killed Edmund
  3597 | D:5      | Noticed an ogre
  3599 | D:5      | Noticed Prince Ribbit
  3602 | D:5      | Killed an ogre
  3602 | D:5      | Reached skill level 10 in Unarmed Combat
  3602 | D:5      | Reached XP level 8. HP: 67/74 MP: 3/3
  3783 | D:5      | Found a glowing silver altar of Zin.
  4067 | D:5      | Found an iron altar of Okawaru.
  4103 | D:5      | Became a worshipper of Warmaster Okawaru
  4103 | D:5      | Acquired Okawaru's first power
  4290 | D:6      | Found Plychyq's Book Shop.
  4795 | D:6      | Reached skill level 11 in Unarmed Combat
  5030 | D:6      | Found a sparkling altar of Nemelex Xobeh.
  5437 | D:7      | Found a staircase to the Ecumenical Temple.
  5551 | D:7      | Reached skill level 12 in Unarmed Combat
  5583 | D:7      | Reached XP level 9. HP: 57/80 MP: 4/4
  5938 | D:7      | Noticed NewYearsCrawler's ghost (experienced FoFi)
  5948 | D:7      | Killed NewYearsCrawler's ghost
  5948 | D:7      | Reached skill level 13 in Unarmed Combat
  6196 | D:8      | Noticed Blork the orc
  6277 | D:8      | Killed Blork the orc
  6282 | D:8      | Reached skill level 14 in Unarmed Combat
  6502 | D:8      | Reached XP level 10. HP: 84/88 MP: 4/4
  6618 | D:8      | Noticed an elephant
  6626 | D:8      | Killed an elephant
  6630 | D:8      | Acquired Okawaru's second power
  6642 | D:8      | Received a gift from Okawaru
  6643 | D:8      | Got a faintly humming animal skin {god gift}
  6673 | D:7      | Identified the -3 animal skin of Okawaru's Outrage {rCorr} (Okawaru gifted it to you on level 8 of the Dungeon)
  6787 | D:8      | Found a staircase to the Lair.
  6903 | D:8      | Reached skill level 15 in Unarmed Combat
  7388 | D:9      | Noticed Eustachio
  7404 | D:9      | Killed Eustachio
  7600 | D:9      | Found a shimmering altar of Xom.
  7810 | D:9      | Found a runed door.
  7991 | D:9      | Reached skill level 16 in Unarmed Combat
  8371 | D:9      | Found a staircase to the Orcish Mines.
  8493 | D:9      | Found a burning altar of Makhleb.
  8710 | D:10     | Entered Level 10 of the Dungeon
  8938 | D:10     | Reached XP level 11. HP: 77/94 MP: 4/4
  9769 | D:11     | Killed an unseen horror
  9925 | D:11     | Noticed a hill giant
  9935 | D:11     | Killed a hill giant
 10054 | D:11     | Reached skill level 17 in Unarmed Combat
 10080 | D:11     | HP: 4/94 [yak (10)]
 10693 | D:11     | Noticed a centaur warrior
 10699 | D:11     | Killed a centaur warrior
 10924 | D:11     | Found Frimes' General Store.
 10933 | D:11     | Bought 2 potions of mutation for 65 gold pieces
 10933 | D:11     | Gained mutation: You can breathe flames. [potion of mutation]
 10933 | D:11     | Gained mutation: You are partially covered in thin metallic scales (AC +2). [potion of mutation]
 10934 | D:11     | Gained mutation: You are somewhat resistant to further mutation. [potion of mutation]
 10934 | D:11     | Gained mutation: You can breathe fire. [potion of mutation]
 11068 | D:12     | Found a labyrinth entrance.
 11078 | Lab      | Entered a labyrinth
 11393 | Lab      | Noticed a minotaur
 11398 | Lab      | Killed a minotaur
 11398 | Lab      | Received a gift from Okawaru
 11398 | Lab      | Reached skill level 18 in Unarmed Combat
 11404 | Lab      | Got a slimy leather armour
 11425 | Lab      | Got a brightly glowing whip
 11429 | D:12     | Identified the +9 whip of the Pits of Slime {flame, Noisy Dex+4} (You found it in a labyrinth)
 11826 | D:12     | Reached XP level 12. HP: 14/104 MP: 5/5
 12178 | D:12     | HP: 3/104 [something (30)]
 12468 | D:12     | Received a gift from Okawaru
 12681 | D:12     | Gained mutation: You have a pair of small antennae on your head. [mutagenic meat]
 12709 | D:12     | Reached skill level 19 in Unarmed Combat
 12923 | D:12     | Reached skill level 1 in Shields
 13225 | D:12     | Noticed a hill giant
 13232 | D:12     | Killed a hill giant
 13288 | D:13     | Noticed NewYearsCrawler's ghost (powerful FoFi)
 13294 | D:13     | Killed NewYearsCrawler's ghost
 13658 | D:13     | Reached skill level 5 in Shields
 13768 | D:13     | Noticed an ogre mage
 13771 | D:13     | Killed an ogre mage
 13778 | D:13     | Received a gift from Okawaru
 13804 | D:13     | Received a gift from Okawaru
 13812 | D:13     | Got a fine hat {god gift}
 13826 | D:13     | Identified the +1 hat "Qenyu" {Str+4 Dex+5} (Okawaru gifted it to you on level 13 of the Dungeon)
 13924 | D:13     | Noticed a centaur warrior
 13928 | D:13     | Reached XP level 13. HP: 110/110 MP: 5/5
 13935 | D:13     | Killed a centaur warrior
 14480 | D:13     | Noticed a centaur warrior
 14489 | D:13     | Killed a centaur warrior
 14622 | D:13     | Noticed a centaur warrior
 14630 | D:13     | Killed a centaur warrior
 15062 | D:14     | Found a gate to the Vaults.
 15062 | D:14     | Noticed Norris
 15062 | D:14     | Noticed Donald
 15169 | D:12     | Killed an unseen horror
 15328 | Orc:1    | Entered Level 1 of the Orcish Mines
 15385 | Orc:1    | Found Cluocoar's General Store.
 15397 | Orc:1    | Bought a potion of curing for 51 gold pieces
 15397 | Orc:1    | Bought 2 potions of curing for 102 gold pieces
 16500 | Orc:3    | You fall through a shaft!
 16500 | Orc:4    | Entered Level 4 of the Orcish Mines
 16597 | Orc:4    | Found a frozen archway.
 16623 | IceCv    | Entered an ice cave
 16908 | Orc:4    | Found Sucuf's Weapon Boutique.
 16908 | Orc:4    | Found Woabut Recs' Jewellery Emporium.
 16909 | Orc:4    | Found Qoxah's Food Emporium.
 16909 | Orc:4    | Found Olafeafi's Weapon Shop.
 17153 | Orc:4    | Paralysed by an ogre mage for 4 turns
 17210 | Orc:4    | Found Hauvetih's Antique Weapon Shop.
 17234 | Orc:4    | Reached skill level 5 in Fighting
 17350 | Orc:4    | Received a gift from Okawaru
 17407 | Orc:4    | Noticed a stone giant
 17417 | Orc:4    | Killed a stone giant
 17568 | Orc:4    | Bought a meat ration for 55 gold pieces
 17568 | Orc:4    | Bought a bread ration for 55 gold pieces
 17568 | Orc:4    | Bought a meat ration for 55 gold pieces
 17631 | Orc:4    | Reached XP level 14. HP: 131/131 MP: 5/5
 18207 | Orc:3    | Found a staircase to the Elven Halls.
 18632 | Elf:1    | Entered Level 1 of the Elven Halls
 18806 | Lair:1   | Entered Level 1 of the Lair of Beasts
 19015 | Lair:1   | Noticed Charly's ghost (experienced SpAs)
 19020 | Lair:1   | Killed Charly's ghost
 20455 | Lair:3   | Reached skill level 10 in Shields
 20456 | Lair:3   | Received a gift from Okawaru
 21116 | Lair:3   | Found a staircase to the Shoals.
 21666 | Lair:4   | Noticed Harold
 21685 | Lair:4   | Killed Harold
 21712 | Lair:4   | Noticed Erica
 21727 | Lair:4   | Killed Erica
 22362 | Lair:4   | Found a staircase to the Shoals.
 22392 | Shoals:1 | Entered Level 1 of the Shoals
 22425 | Lair:4   | Noticed Snorg
 22435 | Lair:4   | Killed Snorg
 22478 | Lair:4   | Found a staircase to the Snake Pit.
 22488 | Snake:1  | Entered Level 1 of the Snake Pit
 22522 | Snake:1  | Received a gift from Okawaru
 22522 | Snake:1  | Reached XP level 15. HP: 125/146 MP: 6/6
 23738 | Snake:2  | HP: 6/146 [naga sharpshooter/bolt of flame (16)]
 23739 | Snake:2  | Shot with an arrow by a naga sharpshooter

Action                   |  1- 3 |  4- 6 |  7- 9 | 10-12 | 13-15 || total
-------------------------+-------+-------+-------+-------+-------++-------
Melee: Unarmed           |    84 |   196 |   324 |   732 |  1152 ||  2488
Throw: Tomahawk          |       |       |       |     3 |       ||     3
       Large rock        |       |       |       |       |    79 ||    79
Invok: Heroism           |       |       |       |     1 |     1 ||     2
Evoke: Wand              |       |       |       |     2 |     1 ||     3
       Phial of floods   |       |       |       |       |     1 ||     1
  Use: Potion            |       |     9 |     5 |    12 |     8 ||    34
       Scroll            |       |     2 |     9 |     7 |     2 ||    20
 Stab: Distracted        |     1 |       |       |       |       ||     1
       Sleeping          |     1 |     1 |     4 |     1 |     4 ||    11
       Invisible         |       |       |     1 |       |       ||     1
       Confused          |       |       |       |       |     1 ||     1
  Eat: Chunk             |    12 |    19 |    34 |    74 |    91 ||   230
